 Dungeon Crawl Stone Soup version 0.17-a0-1738-g82cdc46 (webtiles) character file.

43 TruthSerum the Insei (level 3, 12/26 HPs)
             Began as an Octopode Monk on Aug 30, 2015.
             Quit the game on level 2 of the Dungeon.
             The game lasted 00:05:52 (884 turns).

TruthSerum the Insei (Octopode Monk)                 Turns: 884, Time: 00:05:52

Health: 12/26      AC:  1    Str: 11    XL:     3   Next: 58%
Magic:  3/3        EV: 13    Int: 12    God:
Gold:   43         SH:  0    Dex: 14    Spells: 0 memorised, 2 levels left

rFire  + . .     SeeInvis .       - Unarmed
rCold  . . .     Clarity  .     (no shield)
rNeg   . . .     SustAt   .     (helmet restricted)
rPois  .         Gourm    .     (no amulet)
rElec  .         Spirit   .     (no ring)
rCorr  .         Warding  .     (no ring)
rMut   .         Stasis   .     (no ring)
MR     .....                    (no ring)
Stlth  +++.......               (no ring)
                                (no ring)
                                (no ring)
                                (no ring)

@: not resistant to hostile enchantments, fairly stealthy
A: almost no armour, amphibious, 8 rings, constrict 8, camouflage 1, fire
resistance 1, spit poison 1, gelatinous body 1
a: Spit Poison


You were on level 2 of the Dungeon.
You were not hungry.

You visited 1 branch of the dungeon, and saw 2 of its levels.

You collected 43 gold pieces.

Inventory:

Scrolls
 d - a scroll of random uselessness {unknown}
 e - a scroll of fear {unknown}
 g - a scroll of blinking {unknown}
 i - a scroll of teleportation {unknown}
Potions
 f - a potion of lignification
 j - a potion of curing {unknown}
 l - a potion of heal wounds {unknown}
 m - a potion of might {unknown}
Comestibles
 a - 2 bread rations
 k - 2 meat rations


   Skills:
 - Level 3.0 Fighting
 - Level 3.0 Dodging
 - Level 2.6 Stealth
 * Level 5.2 Unarmed Combat


You had 2 spell levels left.
You didn't know any spells.

Dungeon Overview and Level Annotations

Branches:
Dungeon (2/15)

Altars:


Innate Abilities, Weirdness & Mutations

You cannot wear most types of armour.
You are amphibious.
You can wear up to eight rings at the same time.
You can use your tentacles to constrict eight enemies at once.
Your skin changes colour to match your surroundings (Stealth).
Your rubbery body absorbs attacks (AC +1).
Your flesh is heat resistant.
You can spit weak poison.


Message History

The adder closely misses you.
You closely miss the adder. You grab the adder.
The adder is lightly wounded.
You constrict the adder, but do no damage.
The adder closely misses you.
You barely miss the adder.
The adder is lightly wounded.
You constrict the adder. The adder barely misses you.
You tentacle-slap the adder. You squeeze the adder.
The adder is almost dead.
You constrict the adder. The adder misses you.
You tentacle-slap the adder but do no damage.
The adder is almost dead.
You constrict the adder.
You kill the adder!
Quiver which item? (- for none, * to show all) (? for menu, Esc to quit)
Okay, then.
Drink which item? (? for menu, Esc to quit)
Okay, then.
Are you sure you want to abandon this character and quit the game? (Confirm with "yes".)

#######.#########.#)#.#
.......#.# #.#.#..
.......#.# #.#.# .
.......#.# #.#.# .
..$....#'#### #.#.#
...........# #.#.#
###........#### #.#.#
###......(†.#
#.@†......#
#..........+
#.##.###†..# #. #.#
#........ .. #.#
#....##.# .. ...
....... .. ...
......... ###
#....##.#### ...# ..


There were no monsters in sight!

Vanquished Creatures
  An adder (D:2)
  9 goblins
  2 hobgoblins
  6 kobolds
  7 bats (D:1)
  2 giant geckos (D:1)
  2 giant newts (D:1)
  5 rats (D:1)
34 creatures vanquished.

Notes
Turn   | Place    | Note
--------------------------------------------------------------
     0 | D:1      | TruthSerum the Octopode Monk began the quest for the Orb.
     0 | D:1      | Reached XP level 1. HP: 16/16 MP: 1/1
    45 | D:1      | Reached XP level 2. HP: 21/21 MP: 2/2
   448 | D:1      | Reached XP level 3. HP: 26/26 MP: 3/3
   604 | D:1      | Gained mutation: You can spit weak poison. [potion of mutation]
   604 | D:1      | Gained mutation: Your flesh is heat resistant. [potion of mutation]
   608 | D:2      | Reached skill level 5 in Unarmed Combat
   679 | D:2      | HP: 1/26 [kobold (4)]
   884 | D:2      | Quit the game

Vault maps used:
D:1:      minmay_arrival_four_houses, supply_closet_lemuel, hex_medium,
          fountainhead, minmay_close_crescents

Action                   || total
-------------------------++-------
Melee: Unarmed           ||    71
  Use: Scroll            ||     2
       Potion            ||     1
 Stab: Sleeping          ||     9
